 Dungeon Crawl Stone Soup version 0.28.0-53-g5a82cb258f (webtiles) character file.

Game seed: 8318928797867029538

7 Gabide the Skirmisher (level 1, 0/18 HPs)
             Began as a Mummy Berserker on June 20, 2022.
             Was a Follower of Trog.
             Slain by a kobold
             ... wielding a +0 dagger
              (1 damage)
             ... on level 1 of the Dungeon.
             The game lasted 00:00:21 (263 turns).

Gabide the Skirmisher (Mummy Berserker)              Turns: 263, Time: 00:00:22

Health: 0/18       AC:  2    Str: 20    XL:     1   Next: 83%
Magic:  1/1        EV: 12    Int:  6    God:    Trog [*.....]
Gold:   0          SH:  0    Dex: 11    Spells: 0/0 levels left

rFire   x . .      SeeInvis .     - Unarmed
rCold   + . .      Faith    .   (no shield)
rNeg    + + +      Spirit   .   a - +0 animal skin
rPois   ∞          Reflect  .   (no helmet)
rElec   .          Harm     .   (no cloak)
rCorr   .          Rampage  .   (no gloves)
Will    .....                   (no boots)
Stlth   +.........              (no amulet)
HPRegen 0.06/turn               (no ring)
MPRegen 0.07/turn               (no ring)

@: no status effects
A: cold resistance 1, negative energy resistance 3, torment resistance 2, heat
vulnerability 1, no potions
a: Renounce Religion


You were on level 1 of the Dungeon.
You worshipped Trog.
Trog was aware of your devotion.
You visited 1 branch of the dungeon, and saw 1 of its levels.

Inventory:

Armour
 a - a +0 animal skin (worn)


   Skills:
 + Level 3.2 Fighting
 - Level 1.5 Armour
 - Level 1.5 Dodging
 + Level 2.6 Unarmed Combat


You couldn't memorise any spells.
You didn't know any spells.
Your spell library was empty.

Dungeon Overview and Level Annotations

Branches:
Dungeon (1/15)

Altars:


Innate Abilities, Weirdness & Mutations

You are immune to poison.
Your flesh is cold resistant. (rC+)
You are immune to negative energy. (rN+++)
You are immune to unholy pain and torment.
You are vulnerable to heat. (rF-)
You do not drink.


Message History

The goblin shouts!
You hear a shout!
A hobgoblin and a kobold come into view.
The hobgoblin shouts!
You barely miss the goblin. The goblin misses you.
You punch the goblin!
You kill the goblin!
Trog accepts your kill.
Found a scroll labelled DIUWYE KIUHE.
The kobold misses you. The hobgoblin hits you.
You completely miss the hobgoblin. The kobold closely misses you.
The hobgoblin closely misses you.
You hit the hobgoblin but do no damage. The kobold barely misses you.
The hobgoblin closely misses you.
You closely miss the hobgoblin. The kobold barely misses you.
The hobgoblin hits you.
A dart slug comes into view.
You are too injured to fight recklessly!
You are too injured to fight recklessly!
You are too injured to fight recklessly!
There are monsters nearby!
You are too injured to fight recklessly!
You barely miss the kobold. The kobold hits you with a +0 dagger.
You barely miss the kobold. The kobold hits you with a +0 dagger.
You closely miss the kobold. Your punch misses the kobold.
The kobold barely misses you.
You hit the kobold.
The kobold is severely wounded.
The kobold misses you.
You closely miss the kobold.
The kobold is severely wounded.
The kobold hits you with a +0 dagger.
* * * LOW HITPOINT WARNING * * *
You barely miss the kobold.
The kobold is severely wounded.
The kobold hits you with a +0 dagger.
* * * LOW HITPOINT WARNING * * *
You barely miss the kobold.
The kobold is severely wounded.
The kobold hits you with a +0 dagger.
You die...

#.### #.#.# #.#.# #####
####.#.# #...
####.##.#.#####.##########
..........................
.....##.#.###...........##
........#.# #.#†###..?....
.....####.# #.#.@Kg.......
####.# #.# #.#.##..##...
....... #.# #.#.##..# .
..##....... #...##.)##....
.......##.# #.#.##...?#
#.##.# ...............
...... ...............
...... ................
#.##.. ...............


You could see a hobgoblin and a kobold.

Vanquished Creatures
  A bat (D:1)
  A goblin (D:1)
  A kobold (D:1)
  4 rats (D:1)
7 creatures vanquished.

Notes
Turn   | Place    | Note
-------+----------+-------------------------------------------
     0 | D:1      | Gabide the Mummy Berserker began the quest for the Orb.
     0 | D:1      | Reached XP level 1. HP: 18/18 MP: 1/1
   263 | D:1      | Slain by a kobold

Illustrated notes

Levels and vault maps discovered:
D:1:      elethiomel_arrival_diamonds, layout_basic, serial_shops, shop,
          chequers_ecumenical_altar_lobes, minmay_misc_feat_more_columns,
          minmay_lizard_king

Action                   || total
-------------------------++-------
Melee: Unarmed           ||    24
Armor: Animal skin       ||     3
Dodge: Dodged            ||    14
